 Dungeon Sprint DCSS version 0.30-a0-222-ge547ba4400 (webtiles) character file.

Game seed: 17486773055689231937

238 rocky1 the Carver (level 6, -12/52 HPs)
             Began as a Merfolk Gladiator on Oct 9, 2022.
             Mangled by Menkaure (17 damage)
             ... in the Dungeon (Sprint II: "The Violet Keep of Menkaure").
             The game lasted 00:01:15 (48 turns).

rocky1 the Carver (Merfolk Gladiator)                 Turns: 48, Time: 00:01:15

Health: -12/52     AC:  4    Str: 14    XL:     6   Next: 7%
Magic:  6/6        EV: 16    Int:  8    God:
Gold:   0          SH:  0    Dex: 17    Spells: 5/5 levels left

rFire   . . .      SeeInvis .    a - +0 long sword
rCold   . . .      Faith    .    (no shield)
rNeg    . . .      Spirit   .    b - +0 leather armour
rPois   .          Reflect  .    c - +0 helmet
rElec   .          Harm     .    (no cloak)
rCorr   .          Rampage  .    (no gloves)
Will    .....      NoTele   +    (no boots)
Stlth   +.........               (no amulet)
HPRegen 0.28/turn                (no ring)
MPRegen 0.10/turn                (no ring)

@: no status effects
A: (nimble swimmer 2), mertail
a: no special abilities


You were in the Dungeon.
You visited 1 branch

Inventory:

Hand Weapons
 a - a +0 long sword (weapon)
Missiles
 e - a javelin (quivered)
Armour
 b - a +0 leather armour (worn)
 c - a +0 helmet (worn)
Scrolls
 k - a scroll of blinking
Potions
 f - a potion of curing
 g - a potion of heal wounds
 h - a potion of haste
 i - 2 potions of magic
 j - a potion of berserk rage


   Skills:
 + Level 6.2 Fighting
 * Level 9.8 Long Blades
 - Level 2.0 Throwing
 + Level 3.8 Armour
 + Level 8.1 Dodging


You had 5 spell levels left.
You didn't know any spells.
Your spell library was empty.

Dungeon Overview and Level Annotations

Branches:
Dungeon (1/1)

Altars:

Annotations:
D Menkaure


Innate Abilities, Weirdness & Mutations

((You are very nimble when in or above water. (Stealth+, EV+, Speed+++)))
Your lower body shifts to a powerful aquatic tail in water.


Message History

There is an open door here.
You feel sick.
Found 243 gold pieces.
You feel sick.
You start resting.
You feel sick.
You are no longer poisoned.
You start resting.
Menkaure, Prince of Dust opens the door.
You see here 243 gold pieces.
Unknown command.
Menkaure shouts!
You hit Menkaure but do no damage.
Menkaure is lightly damaged.
Menkaure calls on the powers of darkness!
Your body is wracked with pain!
* * * LOW HITPOINT WARNING * * *
Unknown command.
Throw: throwing net
Press: ? - help, Q - select action, (/) - cycle Shift-Dir - straight line, f - Menkaure
Aim: Menkaure (lightly damaged, 77% to hit)
You throw a throwing net.
The throwing net barely misses Menkaure.
Menkaure closely misses you.
You slash Menkaure!
Menkaure is heavily damaged.
Menkaure casts a spell at you. Pain shoots through your body!
* * * LOW HITPOINT WARNING * * *
You barely miss Menkaure.
Menkaure is heavily damaged.
Unknown command.
You hit Menkaure. You punch Menkaure, but do no damage.
Menkaure is severely damaged.
Menkaure calls on the powers of darkness!
Your body is wracked with pain!
* * * LOW HITPOINT WARNING * * *
Unknown command.
You barely miss Menkaure.
Menkaure is severely damaged.
Menkaure hits you!
You die...

### # #+###.#
.#
##.##..##..#
+.<.'##@M.(#
##.##..##....#
#+###.# §....
### §..§ ~§.
~§ ~


You could see Menkaure.

Vanquished Creatures
  4 scorpions (D)
4 creatures vanquished.

Notes
Turn   | Place    | Note
-------+----------+-------------------------------------------
     0 | D        | rocky1 the Merfolk Gladiator began the quest for the Orb.
     0 | D        | Reached XP level 1. HP: 16/16 MP: 1/1
     1 | D        | Noticed a scorpion
     1 | D        | Noticed a scorpion
     1 | D        | Noticed a scorpion
     1 | D        | Noticed a scorpion
     8 | D        | Killed a scorpion
     9 | D        | Reached skill level 6 in Long Blades
     9 | D        | Reached skill level 5 in Dodging
     9 | D        | Reached XP level 2. HP: 25/25 MP: 2/2
     9 | D        | Reached XP level 3. HP: 30/30 MP: 3/3
     9 | D        | Reached XP level 4. HP: 37/37 MP: 4/4
    14 | D        | Killed a scorpion
    15 | D        | Reached skill level 5 in Fighting
    15 | D        | Reached skill level 8 in Long Blades
    15 | D        | Reached XP level 5. HP: 34/44 MP: 5/5
    20 | D        | Reached skill level 9 in Long Blades
    24 | D        | Reached XP level 6. HP: 13/52 MP: 6/6
    41 | D        | Noticed Menkaure
    48 | D        | Mangled by Menkaure

Illustrated notes

Levels and vault maps discovered:
D:        the_violet_keep_of_menkaure [sprint2_stairs_cluster_1,
          sprint2_shoproom, sprint2_temple, sprint2_basic_supplies,
          sprint2_obstacle_4, sprint2_obstacle_2, sprint2_obstacle_1,
          sprint2_obstacle_7, sprint2_obstacle_3, sprint2_timed_cluster_1,
          sprint2_smallroom_cluster_1, sprint2_smallroom_final_cluster_1,
          sprint2_transparent_cluster_1, sprint2_second_timed_cluster_1,
          sprint2_sniper_area_1, sprint2_heavy_combat_area_1,
          sprint2_mutation_trap_area_1, sprint2_forest_area_1,
          sprint2_light_combat_area_1, sprint2_behind_water_1,
          sprint2_near_end_vault_1]

Skill      XL: |  1  2  3  4  5 |
---------------+----------------+-----
Fighting       | 4 5 6 |  6.2
Long Blades    | 6 8 9 |  9.8
Armour         | 2 3 |  3.8
Dodging        | 5 6 8 |  8.1
Throwing       | |  2.0

Action                   |  1- 3 |  4- 6 || total
-------------------------+-------+-------++-------
Melee: Long sword        |     4 |    18 ||    22
       Punch             |       |     1 ||     1
Throw: Throwing net      |     1 |     3 ||     4
 Stab: Held in net/web   |     1 |     1 ||     2
Armor: Leather armour    |     1 |     3 ||     4
Dodge: Dodged            |     1 |     5 ||     6

Table legend: (Time is in decaauts)
 A = Elapsed time spent in this place.
 B = Non-inter-level travel time spent in this place.
 C = Inter-level travel time spent in this place.
 D = Time resting spent in this place.
 E = Time spent auto-exploring this place.
 F = Levels seen in this place.
 G = Mean time per level.
                   A        B        C        D        E       F      G
               +--------+--------+--------+--------+--------+-----+--------+
         Total |     48 |     48 |      0 |     14 |      0 |   1 |   48.0 |
       Dungeon |     48 |     48 |      0 |     14 |      0 |   1 |   48.0 |
               +--------+--------+--------+--------+--------+-----+--------+

Top non-repeatable levels by time:
       D: 48 daAuts
